 Dungeon Crawl Stone Soup version 0.21.1-1-g345015f (webtiles) character file.

1943 lotte the Thaumaturge (level 8, -3/41 HPs)
             Began as a Deep Elf Ice Elementalist on July 4, 2018.
             Was a Follower of Vehumet.
             Shot with an arrow by a centaur (6 damage)
             ... on level 7 of the Dungeon.
             The game lasted 00:42:58 (8063 turns).

lotte the Thaumaturge (Deep Elf Ice Elementalist)   Turns: 8063, Time: 00:42:59

Health: -3/41      AC: 13    Str:  5    XL:     8   Next: 98%
Magic:  17/25      EV: 12    Int: 23    God:    Vehumet [*.....]
Gold:   300        SH:  0    Dex: 15    Spells: 12/29 levels left

rFire    . . .     SeeInvis .   t - staff of air
rCold    . . .     Gourm    .   (no shield)
rNeg     . . .     Faith    .   z - +3 leather armour
rPois    +         Spirit   .   (no helmet)
rElec    +         Reflect  .   (no cloak)
rCorr    .         Harm     .   (no gloves)
MR       .....                  (no boots)
Stlth    ++........             i - amulet of magic regeneration
HPRegen  0.13/turn              n - ring of poison resistance
MPRegen  0.44/turn              u - ring of wizardry

@: icy armour, slow
A: no striking features
a: Renounce Religion


You were on level 7 of the Dungeon.
You worshipped Vehumet.
Vehumet was aware of your devotion.
You were not hungry.

You visited 2 branches of the dungeon, and saw 8 of its levels.

You collected 300 gold pieces.

Inventory:

Hand Weapons
 l - a +0 short sword
 s - a +1 trident
Armour
 a - a +0 robe
 g - a +0 leather armour
 k - a +0 ring mail
 p - a cursed -2 ring mail
 z - a +3 leather armour (worn)
Magical Staves
 t - an uncursed staff of air (weapon)
Jewellery
 i - an amulet of magic regeneration (around neck)
 n - a ring of poison resistance (left hand)
 o - a cursed -6 ring of protection
 u - a ring of wizardry (right hand)
 v - a +1 ring of evasion
 x - an uncursed ring of resist corrosion
Wands
 y - a wand of disintegration (5)
Scrolls
 d - 5 scrolls of teleportation
 e - 3 scrolls of remove curse
 h - a scroll of enchant weapon
 r - a scroll of immolation {unknown}
 w - a scroll of identify
 A - a scroll of fear {unknown}
Potions
 f - a potion of haste
 j - a potion of curing
 m - a potion of heal wounds
 q - a potion of resistance
Books
 b - a book of Frost

   Spells                             Type                      Level
   a - Freeze                         Ice                          1
   b - Throw Frost                    Conjuration/Ice              2
   c - Ozocubu's Armour               Charms/Ice                   3
   d - Throw Icicle                   Conjuration/Ice              4
   e - Summon Ice Beast               Ice/Summoning                4
 B - a book of Misfortune

   Spells                             Type                      Level
   a - Confusing Touch                Hexes                        1
   b - Confuse                        Hexes                        3
   c - Gell's Gravitas                Translocation                3
   d - Petrify                        Transmutation/Earth          4
   e - Metabolic Englaciation         Hexes/Ice                    5
   f - Yara's Violent Unravelling     Hexes/Transmutation          5
Comestibles
 c - 7 rations


   Skills:
 - Level 2.4 Dodging
 - Level 2.4 Stealth
 + Level 11.0 Spellcasting
 + Level 5.2 Conjurations
 - Level 8.1 Ice Magic


You had 12 spell levels left.
You knew the following spells:

 Your Spells              Type           Power        Failure   Level  Hunger
a - Freeze                Ice            ####         1%          1    None
b - Ozocubu's Armour      Chrm/Ice       ####....     1%          3    None
c - Summon Ice Beast      Ice/Summ       ####....     6%          4    None
d - Throw Icicle          Conj/Ice       #####...     2%          4    None
e - Metabolic Englaciati  Hex/Ice        ####......   17%         5    ####...


Dungeon Overview and Level Annotations

Branches:
Dungeon (7/15)             Temple (1/1) D:4

Altars:
Ashenzari
Cheibriados
Elyvilon
Gozag
Kikubaaqudgha
Sif Muna
Trog
Uskayaw
Vehumet
Xom
Yredelemnul
Zin
The Shining One
Jiyva

Shops:
D:7 (?:


Message History

The centaur shoots an arrow.
The arrow hits you!
The centaur shoots an arrow.
The arrow hits you.
The centaur shoots an arrow.
The arrow hits you.
* * * LOW HITPOINT WARNING * * *
You see here 2 arrows.
Casting: Summon Ice Beast
Confirm with . or Enter, or press ? or * to list all spells.
You can't see any susceptible monsters within range! (Use Z to cast anyway.)
The centaur shoots an arrow.
The arrow hits you!
* * * LOW HITPOINT WARNING * * *
You see here an arrow.
Casting: Summon Ice Beast
Confirm with . or Enter, or press ? or * to list all spells.
Aiming: Throw Icicle
Press: ? - help, Shift-Dir - straight line, f - centaur
Aim: a centaur, wielding a shortbow The shard of ice hits the centaur.
The centaur is almost dead.
The centaur shoots an arrow.
The arrow hits you.
You die...

#..#....# .....#######'###
#..#....#..(...# ......
##'###...#......# ........
#....##+##......###+##..###
#....#...#.....##...##..#..
#....#...#.....#........#..
#....##'##.....#........#..
#.......(...Y..c........#..
#........(@....#..[.....'..
#..............#........#..
#..............####รท###.#..
###'######............#####
#...# #............# # #.<.#
#............# # #..##
#............# # #..#
#............# # #..#
#............# #


You could see a centaur and a friendly ice beast.

Vanquished Creatures
  A two-headed ogre (D:4)
  Eustachio (D:5)
  An ogre (D:5)
  A centaur (D:6)
  2 bullfrogs (D:6)
  A scorpion (D:4)
  4 howler monkeys
  A crimson imp (D:7)
  A hound (D:4)
  3 jellies
  2 orc priests
  An iguana (D:4)
  An orc wizard (D:7)
  6 worker ants
  The ghost of dscm the Chopper, a weakling GrGl (D:3)
  A hound skeleton (D:4)
  10 adders
  3 gnolls (D:6)
  2 oozes
  An adder zombie (D:5)
  4 dart slugs
  2 leopard geckos (D:2)
  9 orcs
  3 ball pythons
  5 bats
  5 giant cockroaches
  11 goblins
  6 hobgoblins
  7 jackals
  5 quokkas
  5 frilled lizards
  7 kobolds
  9 rats
122 creatures vanquished.

Vanquished Creatures (collateral kills)
  An orc warrior (D:7)
  2 sky beasts
  A phantom (D:5)
  An ogre (D:4)
  A bullfrog skeleton (D:4)
  An orc priest (D:7)
  An orc wizard (D:4)
  A worker ant (D:4)
  A worker ant zombie (D:5)
  4 orcs (D:4)
  A leopard gecko skeleton (D:4)
15 creatures vanquished.

Grand Total: 137 creatures vanquished

Notes
Turn   | Place    | Note
-------+----------+-------------------------------------------
     0 | D:1      | lotte the Deep Elf Ice Elementalist began the quest for the Orb.
     0 | D:1      | Reached XP level 1. HP: 10/10 MP: 6/6
   281 | D:1      | Reached XP level 2. HP: 15/15 MP: 5/8
   755 | D:1      | Reached skill level 4 in Spellcasting
   887 | D:1      | Reached XP level 3. HP: 19/19 MP: 7/10
   964 | D:2      | Learned a level 3 spell: Ozocubu's Armour
  1582 | D:2      | Reached XP level 4. HP: 24/24 MP: 10/12
  1942 | D:3      | Noticed dscm's ghost (weakling GrGl)
  1963 | D:3      | Killed dscm's ghost
  2470 | D:3      | Reached skill level 5 in Spellcasting
  2874 | D:4      | Reached skill level 5 in Ice Magic
  2874 | D:4      | Reached XP level 5. HP: 24/28 MP: 9/14
  2933 | D:4      | Noticed an ogre
  3226 | D:4      | Found an ancient bone altar of Kikubaaqudgha.
  3267 | D:4      | Reached skill level 6 in Spellcasting
  3534 | D:4      | Learned a level 4 spell: Summon Ice Beast
  3643 | D:4      | Killed an ogre
  3643 | D:4      | Reached XP level 6. HP: 25/32 MP: 2/17
  3726 | D:4      | Noticed a two-headed ogre
  3735 | D:4      | Killed a two-headed ogre
  3735 | D:4      | Reached skill level 8 in Spellcasting
  3735 | D:4      | Reached XP level 7. HP: 18/36 MP: 8/20
  4734 | D:4      | Found a staircase to the Ecumenical Temple.
  4747 | Temple   | Entered the Ecumenical Temple
  4765 | Temple   | Became a worshipper of Vehumet
  4997 | D:5      | Entered Level 5 of the Dungeon
  5168 | D:5      | Noticed Eustachio
  5196 | D:5      | Found a shattered altar of Ashenzari.
  5239 | D:5      | Found an iron altar of Okawaru.
  5242 | D:5      | Found a blossoming altar of Fedhas.
  5242 | D:5      | Found a deep blue altar of Sif Muna.
  5244 | D:5      | Found a shimmering altar of Xom.
  5244 | D:5      | Found a white marble altar of Elyvilon.
  5244 | D:5      | Found a glowing silver altar of Zin.
  5339 | D:5      | Reached skill level 9 in Spellcasting
  5339 | D:5      | Reached XP level 8. HP: 26/41 MP: 9/23
  5471 | D:5      | Learned a level 4 spell: Throw Icicle
  5615 | D:5      | Found a glowing silver altar of Zin.
  5641 | D:5      | Found a snail-covered altar of Cheibriados.
  5681 | D:5      | Killed Eustachio
  6616 | D:6      | Reached skill level 10 in Spellcasting
  7313 | D:7      | Found Paohetiu's Antique Weapon Shoppe.
  7380 | D:7      | Found Qurudaus's Magic Scroll Boutique.
  7534 | D:7      | Found Tuppyequq's Book Boutique.
  7833 | D:7      | Reached * piety under Vehumet
  7833 | D:7      | Offered knowledge of Sandblast by Vehumet.
  7833 | D:7      | Reached skill level 5 in Conjurations
  7851 | D:7      | Reached skill level 11 in Spellcasting
  8046 | D:7      | Learned a level 5 spell: Metabolic Englaciation
  8063 | D:7      | Shot with an arrow by a centaur

Skill      XL: |  1  2  3  4  5  6  7  8 |
---------------+-------------------------+-----
Spellcasting   | 4 5 6 8 9 11 | 11.0
Ice Magic      | 4 5 7 8 |  8.1
Conjurations   | 5 |  5.2
Dodging        | |  2.4
Stealth        | |  2.4

Action                   |  1- 3 |  4- 6 |  7- 9 || total
-------------------------+-------+-------+-------++-------
Melee: Unarmed           |     1 |       |       ||     1
       Short sword       |     1 |     1 |       ||     2
       Staff             |       |       |    35 ||    35
 Cast: Freeze            |    66 |    56 |    46 ||   168
       Ozocubu's Armour  |     1 |     9 |    21 ||    31
       Summon Ice Beast  |       |     5 |    11 ||    16
       Throw Icicle      |       |       |    50 ||    50
  Use: Scroll            |       |     2 |     5 ||     7
       Potion            |       |     2 |     6 ||     8
 Stab: Distracted        |       |       |     2 ||     2
  Eat: Chunk             |     2 |     6 |     9 ||    17
       Ration            |       |       |     2 ||     2
Armor: Leather armour    |    11 |     3 |     1 ||    15
       Robe              |       |     6 |    22 ||    28
Dodge: Dodged            |    29 |    31 |    37 ||    97
